 Dungeon Crawl Stone Soup version 0.31-a0-246-g8cbcc1cb85 (webtiles) character file.

Game seed: 2946816211856205464

72 qw the Shooter (level 4, -3/36 HPs)
             Began as a Minotaur Hexslinger on July 12, 2023.
             Slain by an orc
             ... wielding a +0 hand axe
              (6 damage)
             ... on level 2 of the Dungeon.
             The game lasted 00:00:32 (1639 turns).

qw the Shooter (Minotaur Hexslinger)                Turns: 1639, Time: 00:00:32

Health: -3/36      AC:  2    Str: 12    XL:     4   Next: 7%
Magic:  4/4        EV: 12    Int: 10    God:
Gold:   38         SH:  0    Dex: 15    Spells: 4/5 levels left

rFire   . . .        Y - +1 sling
rCold   . . .        (no shield)
rNeg    . . .        c - +0 robe
rPois   .            (helmet restricted)
rElec   .            (no cloak)
rCorr   .            (no gloves)
SInv    .            (no boots)
Will    .....        (no amulet)
Stlth   +            (no ring)
HPRegen 0.26/turn    (no ring)
MPRegen 0.09/turn

%: no passive effects
@: no status effects
A: horns 2, retaliatory headbutt
a: no special abilities


You were on level 2 of the Dungeon.
You visited 1 branch of the dungeon, and saw 2 of its levels.

You collected 38 gold pieces.


Innate Abilities, Weirdness & Mutations

You have a pair of horns on your head.
You reflexively headbutt those who attack you in melee.


   Skills:
 - Level 2.0 Fighting
 + Level 4.6 Ranged Weapons
 - Level 2.1 Dodging
 - Level 1.0 Spellcasting
 - Level 2.0 Hexes


You had 4 spell levels left.
You knew the following spells:

 Your Spells              Type           Power      Damage    Failure   Level
a - Slow                  Hex            16%        N/A       16%         1

Your spell library contained the following spells:

 Spells                   Type           Power      Damage    Failure   Level
 Inner Flame              Hex/Fire       2%         N/A       56%         3
 Portal Projectile        Hex/Tloc       4%         N/A       56%         3
 Cause Fear               Hex            2%         N/A       83%         4

Inventory:

Hand Weapons
 Y - a +1 sling (weapon)
Armour
 c - a +0 robe (worn)
 h - a +0 pair of gloves
Wands
 i - a wand of digging (7)
Scrolls
 a - a scroll of identify
Potions
 b - a potion of haste {unknown}
 d - a potion of heal wounds {unknown}
 e - a potion of degeneration {unknown}
 g - a potion of curing {unknown}

Dungeon Overview and Level Annotations

Branches:
Dungeon (2/15)

Altars:

Shops:
D:1 (


Message History

You kill the kobold!
The gnoll closely misses you.
You shoot a sling bullet. The sling bullet hits the gnoll.
The gnoll is lightly wounded.
Your surroundings suddenly seem different. 2 orcs and a giant cockroach come into view.
An orc is wielding a +1 whip of electrocution.
Found an amethyst potion and 5 gold pieces.
The orc shouts!
The orc throws a boomerang.
The boomerang closely misses you.
The orc throws a boomerang.
The boomerang closely misses you.
Enter note:
Enter note: You shoot a sling bullet.
The sling bullet hits the giant cockroach.
The giant cockroach is almost dead.
The orc throws a boomerang.
The boomerang hits you but does no damage.
You shoot a sling bullet.
The sling bullet barely misses the giant cockroach.
You shoot a sling bullet.
The sling bullet hits the giant cockroach.
You kill the giant cockroach!
You shoot a sling bullet. The sling bullet hits the orc.
The orc is lightly wounded.
The orc shouts!
You shoot a sling bullet. The sling bullet hits the orc.
The orc is moderately wounded.
The orc barely misses you. x2
You shoot a sling bullet.
The sling bullet closely misses the orc.
The orc hits you with a +0 hand axe.
You shoot a sling bullet. The sling bullet hits the orc.
The orc is heavily wounded.
The orc hits you with a +0 hand axe.
You shoot a sling bullet.
The sling bullet hits the orc but does no damage.
The orc is heavily wounded.
The orc hits you with a +0 hand axe.
You die...

#...........## #. #....
.............## #. ....
............... #)
...## .............#
#.## ....###
#...........# ..#
....... #.........# #.#
g...# ##....o..##
#######.## )..#
#.....@...####.........
#
##....o..##....#####.##
# ##.....##..#### #%# #
##.!.###..# #.# #.#
..... #..# #.# ..#
##...# #..##### #.# ###
##$## #......# #.# ..
#%####.# #.# ### #.#
#......#


You could see 2 orcs.

Vanquished Creatures
  2 gnolls (D:2)
  An adder (D:2)
  A dart slug (D:1)
  4 ball pythons
  4 endoplasms
  2 giant cockroaches (D:2)
  7 goblins
  3 hobgoblins
  8 kobolds
  A quokka (D:1)
  2 bats (D:2)
  2 frilled lizards (D:1)
  5 rats
42 creatures vanquished.

Notes
Turn   | Place    | Note
-------+----------+-------------------------------------------
     0 | D:1      | qw the Minotaur Hexslinger began the quest for the Orb.
     0 | D:1      | Reached XP level 1. HP: 16/16 MP: 1/1
     0 | D:1      | 0 ||| qw: Version: 0.3-a-52-g30416fa
     0 | D:1      | 0 ||| qw: Game counter: 6451
     0 | D:1      | 0 ||| qw: Melee chars always use a shield: true
     0 | D:1      | 0 ||| qw: God list: Okawaru
     0 | D:1      | 0 ||| qw: Allow faded altars: false
     0 | D:1      | 0 ||| qw: Do Orc after clearing Dungeon:15 true
     0 | D:1      | 0 ||| qw: Do second Lair branch before Depths: true
     0 | D:1      | 0 ||| qw: Lair rune preference: random
     0 | D:1      | 0 ||| qw: Goals: Normal
     0 | D:1      | 0 ||| PLANNING D:1-11
   119 | D:1      | Found a faded altar of an unknown god.
   309 | D:1      | Reached skill level 3 in Ranged Weapons
   377 | D:1      | Reached XP level 2. HP: 23/23 MP: 2/2
   389 | D:1      | Found Soarol's Weapon Boutique.
  1064 | D:1      | 1064 ||| READING 2 scrolls labelled SIOJYONEADD.
  1065 | D:1      | 1065 ||| READING 2 scrolls labelled ZIECITWOEH.
  1070 | D:1      | 1070 ||| DROPPING scroll of poison.
  1138 | D:2      | Reached XP level 3. HP: 26/29 MP: 3/3
  1138 | D:2      | 1138 ||| STAIRDANCE
  1148 | D:2      | 1148 ||| STAIRDANCE
  1483 | D:2      | Reached skill level 4 in Ranged Weapons
  1627 | D:2      | Reached XP level 4. HP: 13/36 MP: 4/4
  1627 | D:2      | HP: 8/36 [gnoll/+0 halberd (4)]
  1628 | D:2      | 1628 ||| READING scroll of teleportation.
  1637 | D:2      | HP: 5/36 [orc/+0 hand axe (6)]
  1638 | D:2      | HP: 2/36 [orc/+0 hand axe (3)]
  1639 | D:2      | Slain by an orc

Levels and vault maps discovered:
D:1:      minmay_arrival_radiant_lines, layout_basic,
          shapermc_ecumenical_altar_mp_vishouse, serial_shops, shop,
          minmay_heptomino_d4
D:2:      layout_loops_ring, serial_shops, nicolae_shop_hallway_stairs,
          nicolae_figureground_pulse

Skill      XL: |  1  2  3 |
---------------+----------+-----
Ranged Weapons | 3 4 |  4.6
Fighting       | 2 |  2.0
Dodging        | |  2.1
Spellcasting   | |  1.0
Hexes          | |  2.0

Action                     |  1- 3 |  4- 6 || total
---------------------------+-------+-------++-------
   Fire: Sling             |   122 |    12 ||   134
    Use: Scroll            |     2 |     1 ||     3
 Armour: Robe              |    10 |     1 ||    11
  Dodge: Dodged            |    51 |     9 ||    60

Table legend:
 A = Non-vault XP
 B = Vault XP
 C = Vault XP percentage of total XP
 D = Non-vault monster count
 E = Vault monster count
 F = Vault count percentage of total count
                 A         B        C        D         E       F
            +---------+---------+-------+---------+---------+-------
      Total |      98 |       6 |   5.8 |      39 |       3 |   7.1
            +---------+---------+-------+---------+---------+-------
        D:1 |      34 |       6 |  15.0 |      20 |       3 |  13.0
        D:2 |      64 |       0 |   0.0 |      19 |       0 |   0.0
            +---------+---------+-------+---------+---------+-------
